 Dungeon Crawl Stone Soup version 0.27.1-33-g824d729ab1 (webtiles) character file.

Game seed: 6218842592432357742

31 demibob the Chopper (level 3, -1/21 HPs)
             Began as a Tengu Gladiator on Dec 8, 2021.
             Slain by an adder (4 damage)
             ... on level 2 of the Dungeon.
             The game lasted 00:00:59 (778 turns).

demibob the Chopper (Tengu Gladiator)                Turns: 778, Time: 00:01:00

Health: -1/21      AC:  3    Str: 15    XL:     3   Next: 22%
Magic:  4/4        EV: 12    Int:  8    God:
Gold:   48         SH:  0    Dex: 15    Spells: 2/2 levels left

rFire    + . .     SeeInvis .   a - +0 war axe
rCold    . . .     Faith    .   (no shield)
rNeg     . . .     Spirit   .   b - +0 leather armour
rPois    .         Reflect  .   c - +0 hat
rElec    .         Harm     .   (no cloak)
rCorr    .         Rampage  .   (no gloves)
Will     .....                  (boots unavailable)
Stlth    +.........             (no amulet)
HPRegen  0.07/turn              F - ring of protection from fire
MPRegen  0.09/turn              (no ring)

@: no status effects
A: beak, talons 3
a: no special abilities


You were on level 2 of the Dungeon.
You visited 1 branch of the dungeon, and saw 2 of its levels.

You collected 48 gold pieces.


Innate Abilities, Weirdness & Mutations

You have a beak for a mouth.
You have claws for feet.


   Skills:
 - Level 2.0 Fighting
 + Level 4.7 Axes
 - Level 2.0 Throwing
 - Level 3.2 Dodging


You had 2 spell levels left.
You didn't know any spells.
Your spell library was empty.

Inventory:

Hand Weapons
 a - a +0 war axe (weapon)
Missiles
 d - 3 throwing nets (quivered) {=f}
Armour
 b - a +0 leather armour (worn)
 c - a +0 hat (worn)
Jewellery
 F - a ring of protection from fire (left hand)
Scrolls
 e - 3 scrolls of identify {@r1}
 g - a scroll of noise {unknown}
Potions
 f - a potion of flight {unknown}

Dungeon Overview and Level Annotations

Branches:
Dungeon (2/15)

Altars:

#.##....##....
#.##....##.###
#.##...†......
#.##....##.##.
#+##.##....##.#<. ##
#.##.##....##.### ..
#.##.####........
#.##..#.#########.#.
#.S@..............#.
#####...#.......†.#.
##..#........[#.
...>#....####.#.
#.#######.# #.#. #.
#.####+#. #
#........ ####.....
#.....


You could see an adder.


Message History

You barely miss the adder. You claw the adder.
The adder is moderately wounded.
The adder misses you.
Unknown command.
You closely miss the adder. You claw the adder, but do no damage.
The adder is moderately wounded.
The adder barely misses you. The adder closely misses you.
Unknown command.
Your leather armour prevents you from hitting the adder.
The adder is moderately wounded.
The adder closely misses you. The adder bites you.
* * * LOW HITPOINT WARNING * * *
You are poisoned.
The adder poisons you!
You are too injured to fight recklessly!
You miss the adder. Your kick misses the adder. Your peck misses the adder.
The adder is moderately wounded.
You feel sick. The adder closely misses you.
Unknown command.
You barely miss the adder. You claw the adder, but do no damage.
Your peck misses the adder.
The adder is moderately wounded.
You feel sick. The adder barely misses you. The adder closely misses you.
Unknown command.
You miss the adder.
The adder is moderately wounded.
You feel sick.
You are no longer poisoned.
The adder bites you.
You die...

Skill      XL: |  1  2 |
---------------+-------+-----
Axes           | 4 |  4.7
Fighting       | |  2.0
Throwing       | |  2.0
Dodging        | |  3.2

Action                   || total
-------------------------++-------
Melee: War axe           ||    53
       Kick              ||    15
       Peck              ||     4
  Use: Scroll            ||     1
Armor: Leather armour    ||     8
Dodge: Dodged            ||    31

Levels and vault maps discovered:
D:1:      dpeg_arrival_renting, layout_rooms
D:2:      layout_basic, hellmonk_ecumenical_altar_watching_god

Notes
Turn   | Place    | Note
-------+----------+-------------------------------------------
     0 | D:1      | demibob the Tengu Gladiator began the quest for the Orb.
     0 | D:1      | Reached XP level 1. HP: 12/12 MP: 2/2
    91 | D:1      | Reached XP level 2. HP: 17/17 MP: 3/3
   117 | D:1      | Reached skill level 4 in Axes
   553 | D:2      | Reached XP level 3. HP: 21/21 MP: 4/4
   778 | D:2      | Slain by an adder

Vanquished Creatures
  A worm (D:2)
  A dart slug (D:1)
  4 endoplasms
  3 giant cockroaches
  A goblin (D:1)
  2 hobgoblins
  A quokka (D:1)
  7 ball pythons
  3 bats
  2 frilled lizards (D:1)
  2 rats
27 creatures vanquished.

Table legend: (Time is in decaauts)
 A = Elapsed time spent in this place.
 B = Non-inter-level travel time spent in this place.
 C = Inter-level travel time spent in this place.
 D = Time resting spent in this place.
 E = Time spent auto-exploring this place.
 F = Levels seen in this place.
 G = Mean time per level.
                   A        B        C        D        E       F      G
               +--------+--------+--------+--------+--------+-----+--------+
         Total |    792 |    770 |     22 |      0 |    603 |   2 |  396.0 |
       Dungeon |    792 |    770 |     22 |      0 |    603 |   2 |  396.0 |
               +--------+--------+--------+--------+--------+-----+--------+

Top non-repeatable levels by time:
     D:1: 536 daAuts
     D:2: 255 daAuts

Table legend:
 A = Non-vault XP
 B = Vault XP
 C = Vault XP percentage of total XP
 D = Non-vault monster count
 E = Vault monster count
 F = Vault count percentage of total count
                 A         B        C        D         E       F
            +---------+---------+-------+---------+---------+-------
      Total |      45 |       0 |   0.0 |      27 |       0 |   0.0
            +---------+---------+-------+---------+---------+-------
        D:1 |      30 |       0 |   0.0 |      19 |       0 |   0.0
        D:2 |      15 |       0 |   0.0 |       8 |       0 |   0.0
            +---------+---------+-------+---------+---------+-------
